 Dungeon Crawl Stone Soup version 0.17.1-3-g152610e (webtiles) character file.

101 theElss the Skirmisher (level 4, -10/30 HPs)
             Began as a Gargoyle Berserker on Feb 20, 2016.
             Was a Believer of Trog.
             Killed by divine providence
             ... invoked by an orc priest
              (13 damage)
             ... on level 2 of the Dungeon.
             The game lasted 00:07:32 (2124 turns).

theElss the Skirmisher (Gargoyle Berserker)         Turns: 2124, Time: 00:07:33

Health: -10/30     AC: 10    Str: 21    XL:     4   Next: 75%
Magic:  4/4        EV: 10    Int:  8    God:    Trog [**....]
Gold:   104        SH:  0    Dex:  9    Spells: 0 memorised, 3 levels left

rFire  . . .     SeeInvis .     a - +0 mace
rCold  . . .     Clarity  .     o - +0 scale mail
rNeg   + . .     SustAt   .     (no shield)
rPois  ∞         Gourm    .     (no helmet)
rElec  +         Spirit   .     (no cloak)
rCorr  .         Warding  .     (no gloves)
rMut   .         Stasis   .     (no boots)
MR     .....                    (no amulet)
Stlth  ..........               (no ring)
                                (no ring)

@: exhausted, slowed, very slow, not resistant to hostile enchantments,
extremely unstealthy
A: negative energy resistance 1, electricity resistance, unbreathing,
petrification resistance, rot immunity, AC +3
a: Berserk, Trog's Hand, Burn Spellbooks, Renounce Religion


You were on level 2 of the Dungeon.
You worshipped Trog.
Trog was pleased with you.
You were hungry.

You visited 1 branch of the dungeon, and saw 3 of its levels.

You collected 104 gold pieces.

Inventory:

Hand Weapons
 a - a +0 mace (weapon)
Armour
 b - a +0 animal skin
 h - a +1 hat
 o - a +0 scale mail (worn)
Scrolls
 e - a scroll of amnesia {unknown}
 g - a scroll of magic mapping {unknown}
 i - a scroll of random uselessness {unknown}
 l - a scroll of enchant armour {unknown}
 p - a scroll of noise {unknown}
Potions
 j - a potion of agility {unknown}
 k - a potion of haste {unknown}
 m - a potion of curing {unknown}
 n - a potion of lignification {unknown}
 r - a potion of degeneration {unknown}
 s - a potion of flight {unknown}
 t - a potion of ambrosia {unknown}
Comestibles
 c - a bread ration
 d - 2 meat rations
 f - 8 fruits
 q - a beef jerky
 u - 3 chunks of flesh


   Skills:
 + Level 4.5 Fighting
 + Level 4.1 Maces & Flails
 + Level 2.7 Armour
 - Level 1.5 Dodging


You had 3 spell levels left.
You didn't know any spells.

Dungeon Overview and Level Annotations

Branches:
Dungeon (3/15)

Altars:
Kikubaaqudgha
Makhleb


Innate Abilities, Weirdness & Mutations

You are resistant to torment.
Your stone body is resilient (AC +3).
You are immune to poison.
You resist negative energy.
You are resistant to electric shocks.
You can survive without breathing.
You are immune to petrification.
You are immune to rotting.


Message History

There is a stone staircase leading down here.
You hit the orc priest but do no damage.
The orc hits you but does no damage. The orc priest closely misses you.
The orc closely misses you.
You hit the orc priest.
The orc priest is moderately wounded.
The orc priest hits you but does no damage.
The orc hits you with a short sword.
The orc priest mumbles some strange prayers to Beogh against you.
Pain shoots through your body!
* * * LOW HITPOINT WARNING * * *
The orc hits you but does no damage.
You barely miss the orc priest.
The orc priest is moderately wounded.
The orc priest hits you but does no damage.
The orc hits you with a short sword.
* * * LOW HITPOINT WARNING * * *
The orc priest calls down the wrath of Beogh upon you.
Something smites you!
You die...

#..# ######### ##.# #..).(..# #.#
#8.....8# #.## #.......# #..#
#8.....8# ##.## #.......# ######
#).# #8.....8# #.....
############.#####.......# #.###.
...............o@#8.....8# #.# #.
############..##o#.......###.# #.
#######....#.##.#....([.)...# #.
#.....#.##.#.##.##......##### #.
##.###.#.##.#.##.##..###.#..####.
.....#.#.##.#..#......(..#.......
##.#.#.#.##.##.#.#########.######
#.#.#.#.##.#..).................
#.#.#.#.##.#....#########.######


You could see an orc priest and an orc.

Vanquished Creatures
  4 gnolls (D:2)
  A shadow imp (D:3)
  A worm (D:2)
  A giant gecko (D:2)
  An orc (D:3)
  9 bats
  12 goblins
  5 hobgoblins
  A quokka (D:2)
  A ball python (D:2)
  A giant cockroach (D:1)
  A giant newt (D:1)
  2 jackals (D:1)
  6 kobolds
  7 rats
53 creatures vanquished.

Notes
Turn   | Place    | Note
--------------------------------------------------------------
     0 | D:1      | theElss the Gargoyle Berserker began the quest for the Orb.
     0 | D:1      | Reached XP level 1. HP: 14/14 MP: 1/1
    95 | D:1      | Reached XP level 2. HP: 17/19 MP: 2/2
   240 | D:1      | You fall through a shaft!
   283 | D:2      | Reached XP level 3. HP: 16/24 MP: 3/3
   296 | D:2      | Reached skill level 4 in Fighting
   643 | D:2      | Reached ** piety under Trog
   651 | D:2      | Reached XP level 4. HP: 25/29 MP: 4/4
  1089 | D:2      | Found a burning altar of Makhleb.
  1089 | D:2      | Found an ancient bone altar of Kikubaaqudgha.
  2124 | D:2      | Killed from afar by an orc priest

Action                   |  1- 3 |  4- 6 || total
-------------------------+-------+-------++-------
Melee: Mace              |    64 |    88 ||   152
Invok: Berserk           |     1 |     1 ||     2
 Stab: Sleeping          |     1 |       ||     1
  Eat: Chunk             |       |     5 ||     5
